 Dungeon Crawl Stone Soup version 0.20.1-1-g8b1a95d (webtiles) character file.

132 Gremour the Slasher (level 5, -2/42 HPs)
             Began as a Barachi Warper on Oct 6, 2017.
             Slain by Ijyb
             ... wielding a +6 dagger of speed
              (8 damage)
             ... on level 4 of the Dungeon.
             The game lasted 00:16:56 (2715 turns).

Gremour the Slasher (Barachi Warper)                Turns: 2715, Time: 00:16:57

Health: -2/42      AC:  6    Str: 12    XL:     5   Next: 15%
Magic:  8/8        EV:  9    Int: 14    God:
Gold:   147        SH:  0    Dex: 12    Spells: 6/8 levels left

rFire    . . .     SeeInvis .   a - +1 falchion
rCold    . . .     Gourm    .   (no shield)
rNeg     . . .     Faith    .   k - +0 scale mail
rPois    .         Spirit   .   (no helmet)
rElec    .         Reflect  .   (no cloak)
rCorr    .         Harm     .   (no gloves)
MR       .....                  (no boots)
Stlth    ..........             h - amulet of regeneration
Regen    0.6/turn               (no ring)
MPRegen  0.2/turn               (no ring)

@: flying, slow
A: +LOS, swims, slowness 1, strong legs 1
a: Hop


You were on level 4 of the Dungeon.
You were not hungry.

You visited 1 branch of the dungeon, and saw 4 of its levels.

You collected 147 gold pieces.

Inventory:

Hand Weapons
 a - a +1 falchion (weapon)
 m - a +0 dagger of pain
Missiles
 e - 2 tomahawks of dispersal (quivered)
 j - 3 tomahawks
Armour
 b - a +0 leather armour
 k - a +0 scale mail (worn)
Jewellery
 h - an amulet of regeneration (around neck)
Scrolls
 g - 2 scrolls of teleportation
 i - 5 scrolls of identify
 o - a scroll of random uselessness {unknown}
 p - 2 scrolls of enchant weapon
 t - a scroll of immolation {unknown}
 u - a scroll of blinking
 w - a scroll of fog {unknown}
 y - a scroll of magic mapping {unknown}
Potions
 d - a potion of heal wounds {unknown}
 l - a potion of berserk rage
 n - a potion of curing {unknown}
 q - a potion of degeneration {unknown}
 r - a potion of might
 s - 2 potions of agility {unknown}
 v - 2 potions of flight
 x - a potion of cancellation {unknown}
Books
 c - a book of Spatial Translocations

   Spells                             Type                      Level
   a - Blink                          Translocation                2
   b - Shroud of Golubria             Charms/Translocation         2
   c - Lesser Beckoning               Translocation                3
   d - Gell's Gravitas                Translocation                3
   e - Teleport Other                 Translocation                3
   f - Passage of Golubria            Translocation                4
Comestibles
 f - 3 bread rations
 A - 2 meat rations
 B - a fruit


   Skills:
 * Level 3.7 Fighting
 + Level 4.0 Long Blades
 + Level 1.0 Throwing
 * Level 3.2 Armour
 + Level 2.6 Dodging
 * Level 2.3 Spellcasting
 + Level 3.2 Translocations


You had 6 spell levels left.
You knew the following spells:

 Your Spells              Type           Power        Failure   Level  Hunger
b - Blink                 Tloc           N/A          41%         2    ###....


Dungeon Overview and Level Annotations

Branches:
Dungeon (4/15)
 Temple: D:4-7

Altars:

Annotations:
D:4 Ijyb


Innate Abilities, Weirdness & Mutations

Shadows flee at your approach. (+LOS)
You can swim through water.
You cover ground slowly.
You can hop short distances.


Message History

It is a wand of lightning (?/15).
Ijyb drinks a potion.
Ijyb seems to grow stronger.
Ijyb screams, "Level is mine!
All mine!"
Ijyb zaps a wand.
The bolt of lightning misses you. The bolt of lightning hits you!
Ijyb zaps a wand.
The bolt of lightning hits the adder.
The adder dies!
The bolt of lightning misses you. The bolt of lightning hits you!
Ouch! That really hurt!
* * * LOW HITPOINT WARNING * * *
Ijyb closely misses you.
You riposte.
You barely miss Ijyb.
You see here an adder corpse.
You barely miss Ijyb. Ijyb hits you with a dagger of speed.
* * * LOW HITPOINT WARNING * * *
It was a potion of flight.
You feel very buoyant.
You fly up into the air.
Ijyb screams, "I cut your head off!" Ijyb hits you with a dagger of speed!
You die...

###### ..#.# #.#.#
##.#.# ....# ####+#
#.#.#
.......###.#.#
............<#
.......###@#.#
...........g.##...
#....#............
.....?.w...........
#............##....
#.....#......# ....
#.....#......# ...
..... +........ ..
#... #########.


You could see Ijyb and a worm.

Vanquished Creatures
  Terence (D:2)
  2 adders (D:2)
  3 oozes
  A worm (D:3)
  2 dart slugs (D:2)
  4 leopard geckos
  An orc (D:3)
  A ball python (D:2)
  3 giant cockroaches
  4 goblins (D:2)
  8 hobgoblins
  9 jackals
  A quokka (D:2)
  9 bats
  2 frilled lizards
  5 kobolds (D:2)
  5 rats
61 creatures vanquished.

Vanquished Creatures (others)
  An adder (D:4)
1 creature vanquished.

Grand Total: 62 creatures vanquished

Notes
Turn   | Place    | Note
-------+----------+-------------------------------------------
     0 | D:1      | Gremour the Barachi Warper began the quest for the Orb.
     0 | D:1      | Reached XP level 1. HP: 17/17 MP: 3/3
   593 | D:1      | Reached XP level 2. HP: 19/23 MP: 5/5
  1108 | D:2      | Reached XP level 3. HP: 28/28 MP: 6/6
  1110 | D:2      | Reached skill level 3 in Long Blades
  1573 | D:2      | Reached XP level 4. HP: 27/35 MP: 7/7
  1579 | D:2      | Noticed Terence
  1594 | D:2      | Killed Terence
  2170 | D:3      | Learned a level 2 spell: Blink
  2198 | D:3      | Reached skill level 4 in Long Blades
  2198 | D:3      | Reached XP level 5. HP: 41/41 MP: 8/8
  2705 | D:4      | Noticed Ijyb
  2715 | D:4      | Slain by Ijyb

Skill      XL: |  1  2  3  4 |
---------------+-------------+-----
Long Blades    | 3 4 |  4.0
Fighting       | 3 |  3.7
Armour         | 2 3 |  3.2
Throwing       | |  1.0
Dodging        | |  2.6
Spellcasting   | |  2.3
Translocations | |  3.2

Action                   |  1- 3 |  4- 6 || total
-------------------------+-------+-------++-------
Melee: Falchion          |   135 |    84 ||   219
Throw: Tomahawk          |     2 |     1 ||     3
 Abil: Hop               |     1 |       ||     1
  Use: Scroll            |     4 |       ||     4
       Potion            |     2 |     2 ||     4
  Eat: Chunk             |     3 |     4 ||     7
Armor: Scale mail        |    59 |    50 ||   109
       Leather armour    |     6 |       ||     6
Dodge: Dodged            |    68 |    58 ||   126
       Rpst.: Falchion   |    26 |    15 ||    41
